Unix NetHack Version 5.0.0-0 post-release - last build May  4 2026 22:22:43 (774f63e81ad911689b3a0859ea89b322d5daca8d,branch:main).

Game began 2026-05-07 11:00:18, ended 2026-05-07 11:50:52.

DiePARTEI, chaotic male orcish Ranger

      ------------
      |%[0.....&M@B
      |0._>.0..SS|0#    ------|---        -------
      |.0..0.....| #####-........-       #...._.-#######
      --0-------.-      |........|#  #####|.....|      #
        #########       |.........#####   --.--+-      #
             ####       -----.----          #  #       ###
            ##  ########################    #            #
            #      #       #         ###########         #
         ####              #            ## --|-.---
       --.----             #             # |.....<|
       |.....|           ###             # |......|
       |......#####    --|---------      ##.......|         ####+
       |.....|   ######...........|        |.....(.##########
       |.....|  ##     |..........|        ------|-
       |......         |..........|              #
       -------         |..........|
                       |..........|
                       ------------

DiePARTEI the Trailblazer    St:17 Dx:11 Co:14 In:13 Wi:15 Ch:9  Chaotic
Dlvl:2  $:137 HP:0(43) Pw:29(29) AC:2  Xp:7 T:5026  Burdened

Latest messages:
 You hit the kobold mummy.
 You hit the kobold mummy.
 The kobold mummy hits!
 You hit the kobold mummy.
 The kobold mummy just misses!
 You hit the kobold mummy.
 The kobold mummy hits!
 You hear the chime of a cash register.
 You hit the kobold mummy.
 The kobold mummy hits!
 You hit the kobold mummy.
 You hit the kobold mummy.
 The kobold mummy hits!
 You destroy the kobold mummy!
 You see here a mummy wrapping.
 The garter snake misses!
 With great effort you move the boulder.
 You try to move the boulder, but in vain.
 You hit the garter snake.
 The garter snake strikes at your displaced image and misses you!
 You hear someone cursing shoplifters.
 You hit the garter snake.
 The garter snake just misses!
 You kill the garter snake!
 Juiblex appears next to you!
 With great effort you move the boulder.
 With great effort you move the boulder.
 You kill the garter snake!
 The giant bat bites!
 The giant bat misses!
 The kobold mummy hits!
 The giant bat misses!
 You hit the giant bat.
 The kobold mummy hits!
 The giant bat bites!
 Juiblex vanishes and reappears next to you.
 The giant bat just misses!
 You hit the giant bat.
 The giant bat bites!
 The giant bat bites!
 Are you sure you want to pray? [yn] (n) y
 You begin praying to Mars.
 The giant bat bites!
 The giant bat bites!
 You die...
 Do you want your possessions identified? [ynq] (y) y
 Do you want to see your attributes? [ynq] (y) y
 Do you want an account of creatures vanquished? [ynaq] (y) y
 Do you want to see your conduct and achievements? [ynq] (y) y
 Do you want to see the dungeon overview? [ynq] (y) y

Inventory:
 Coins    ('$')
  $ - 137 gold pieces
 Weapons  (')')
  z - a +0 bow
  b - a +1 orcish bow (weapon in right hand)
  w - 3 cursed -1 daggers
  M - a +0 elven dagger
  t - the rustproof +0 Grimtooth (alternate weapon; not wielded)
  o - a +0 flail
 Armor    ('[')
  O - a cursed very rusty +0 orcish helm (being worn)
  D - an uncursed +0 pair of iron shoes (being worn)
  S - an uncursed +0 orcish shield (being worn)
  e - an uncursed +2 cloak of displacement (being worn)
  l - an uncursed +0 cloak of displacement
  E - an uncursed +0 mummy wrapping
  m - an uncursed -1 studded leather armor (being worn)
 Comestibles  ('%')
  h - 2 uncursed food rations
  f - 4 uncursed tripe rations
  g - an uncursed egg
 Scrolls  ('?')
  V - an uncursed scroll of create monster
  P - an uncursed scroll of enchant armor
  U - an uncursed scroll of identify
  A - 2 uncursed scrolls of magic mapping
 Spellbooks  ('+')
  k - an uncursed spellbook of healing
 Rings    ('=')
  J - an uncursed ring of teleport control
 Wands    ('/')
  q - a wand of create monster named empty (0:0)
  R - a wand of magic missile named empty (0:0)
  Y - a wand of magic missile (0:0)
  a - a wand of striking (0:0)
  Q - a wand of striking named empty (0:0)
  W - a wand of striking (0:0)
 Tools    ('(')
  K - a bag of tricks (0:9)
  H - an uncursed beartrap
  Z - an uncursed oil lamp
  F - a +0 pick-axe
  X - 3 uncursed tallow candles
 Gems/Stones  ('*')
  L - an uncursed topaz stone
  u - an uncursed worthless piece of green glass
  C - 2 uncursed worthless pieces of orange glass
  j - 4 uncursed worthless pieces of red glass
  G - 5 uncursed worthless pieces of violet glass
  I - an uncursed worthless piece of white glass
  i - an uncursed worthless piece of yellow glass

DiePARTEI the Ranger's attributes:

Background:
 You were a Trailblazer, a level 7 male orcish Ranger.
 You were chaotic, on a mission for Mars
 who was opposed by Mercury (lawful) and Venus (neutral).
 You were right-handed.
 You were in the Dungeons of Doom, on level 2.
 You entered the dungeon 5026 turns ago.
 You had 1272 experience points, 8 more were needed to attain level 8.

Basics:
 You had 0 out of 43 hit points.
 You had all 29 energy points (spell power).
 Your armor class was 2.
 Your wallet contained 137 zorkmids.
 Autopickup was off.

Final Characteristics:
 Your strength was 17 (limit:18/50).
 Your dexterity was 11 (limit:18).
 Your constitution was 14 (limit:18).
 Your intelligence was 13 (limit:16).
 Your wisdom was 15 (limit:16).
 Your charisma was 9 (limit:16).

Final Status:
 You weren't hungry.
 You were burdened; movement was slightly slowed.
 You were wielding a bow.
 You had expert skill with bow.

Final Attributes:
 You were piously aligned.
 You were poison resistant.
 You were telepathic.
 You had automatic searching.
 You had infravision.
 You were displaced.
 You were stealthy.
 You were warded.
 You are dead.

Miscellaneous:
 You didn't encounter any bones levels.
 Total elapsed playing time was 50 minutes and 33 seconds.

Major events:
 Turn
    1: DiePARTEI the chaotic male orcish Ranger entered the dungeon
  795: attained the rank of Lookout (level 3)
 1662: entered the Gnomish Mines
 2138: reached Mine Town
 2403: attained the rank of Trailblazer (level 6)
 3725: was bestowed with Grimtooth by Mars
 5026: killed by a giant bat, while praying

Spells:
 Name                 Level Category     Fail Retention
 healing                1   healing      100%  76%-100%

Skills:
 Fighting Skills
   bare handed combat [Unskilled]
   riding             [Unskilled]
 Weapon Skills
   dagger             [Basic]
   knife              [Unskilled]
   axe                [Unskilled]
   pick-axe           [Unskilled]
   short sword        [Unskilled]
   morning star       [Unskilled]
   flail              [Unskilled]
   hammer             [Unskilled]
   quarterstaff       [Unskilled]
   polearms           [Unskilled]
   spear              [Unskilled]
   trident            [Unskilled]
   bow                [Expert]
   sling              [Unskilled]
   crossbow           [Unskilled]
   dart               [Unskilled]
   shuriken           [Unskilled]
   boomerang          [Unskilled]
   whip               [Unskilled]
 Spellcasting Skills
   healing spells     [Unskilled]
   divination spells  [Unskilled]
   escape spells      [Unskilled]

Voluntary challenges:
 Character rerolling was not enabled.
 You never genocided any monsters.
 You never polymorphed an object.
 You never changed form.
 You used no wishes.
Achievements:
 You attained the rank of Lookout.
 You entered the Gnomish Mines.
 You entered Minetown.
 You attained the rank of Trailblazer.

 The Dungeons of Doom: levels 1 to 6
    Level 1:
       A grave.
    Level 2: <- You were here.
       Some altars.
       Final resting place for
          you, killed by a giant bat, while praying.
    Level 3:
       A fountain.
       Stairs down to The Gnomish Mines.
    Level 4:
    Level 5:
       A fountain, a sink.
    Level 6:
 The Gnomish Mines: levels 4 to 6
    Level 4:
    Level 5:
    Level 6:
       An altar, some fountains.


Vanquished creatures:
  5 orc-captains
  a gnome ruler
  a brown pudding
  a raven
  a gnome mummy
  a snake
  3 bugbears
  4 Mordor orcs
 an Uruk-hai
 an orc shaman
  2 rock piercers
  a pony
  a yellow light
  2 shriekers
  2 gnome leaders
  a kobold mummy
  6 elf zombies
  a straw golem
  a giant ant
  a little dog
  3 floating eyes
  a kitten
  3 dwarves
  a kobold leader
 11 hill orcs
  7 rothes
 an iguana
  2 acid blobs
  a gas spore
  2 hobbits
  2 hobgoblins
  2 cave spiders
  a yellow mold
  2 red molds
 18 gnomes
  7 garter snakes
  6 geckos
  5 jackals
  a fox
  2 kobolds
  3 goblins
  2 sewer rats
 13 grid bugs
  7 lichens
  4 kobold zombies
  3 newts
147 creatures vanquished.

No species were genocided or became extinct.

Game over:
                       ----------
                      /          \
                     /    REST    \
                    /      IN      \
                   /     PEACE      \
                  /                  \
                  |    DiePARTEI     |
                  |      137 Au      |
                  |   killed by a    |
                  |    giant bat     |
                  |                  |
                  |                  |
                  |       2026       |
                 *|     *  *  *      | *
        _________)/\\_//(\/(/\)/\//\/|_)_______

Goodbye DiePARTEI the Ranger...

You died in The Dungeons of Doom on dungeon level 2 with 5522 points,
and 137 pieces of gold, after 5026 moves.
You were level 7 with a maximum of 43 hit points when you died.

